cohdb
Replays
Latest Replays
All Replays
Popular Replays
Top Player Replays
Match Explorer
How It Works
Community
CoH3 Stats
Reddit
Sign in to upload your games and track your stats! →
Sign in with Steam
Match 45774265
Unlisted
Match 45774265
Overview
Messages
Build Orders
End
Construct Infanterie Kompanie
Pioneer Squad
Grenadier Squad
Grenadier Squad
MG 42 Machine Gun Team
Grenadier Squad
Construct Luftwaffe Kompanie
Selects Mechanized Battlegroup
221 Scout Car
Flak 30 Anti-aircraft Gun Team
Selects Mobile Repair Stations
Selects Raid Package
Jäger Squad
Selects StuG Assault Group
天海默默无声
K̳itsuné
0
0
Comments
sign in to comment!
No comments posted yet!